 Dungeon Crawl Stone Soup version 0.24-a0-445-gd5110b030a (webtiles) character file.

Game seed: 623646080879394754

1050 Krouwed the Caller (level 8, -11/66 HPs)
             Began as a Pale Draconian Summoner on June 22, 2019.
             Mangled by Joseph
             ... wielding a +0 quarterstaff
              (12 damage)
             ... on level 7 of the Dungeon.
             The game lasted 00:36:14 (7179 turns).

Krouwed the Caller (Pale Draconian Summoner)        Turns: 7179, Time: 00:36:15

Health: -11/66     AC:  8    Str:  9 (10) XL:     8   Next: 5%
Magic:  11/14      EV: 13    Int: 15 (18) God:
Gold:   323        SH:  4    Dex:  9 (12) Spells: 4/15 levels left

rFire    . . .     SeeInvis .   s - +0 hunting sling (curse)
rCold    . . .     Gourm    .   (no shield)
rNeg     . . .     Faith    .   (armour unavailable)
rPois    +         Spirit   .   (helmet restricted)
rElec    .         Reflect  +   e - +1 cloak {rPois}
rCorr    .         Harm     .   (no gloves)
MR       .....                  (no boots)
Stlth    ++........             q - +4 amulet of reflection
HPRegen  0.21/turn              E - ring of poison resistance
MPRegen  0.14/turn              (no ring)

@: berserk cooldown, flying, slowed, very slow
A: breathe steam, unfitting armour, cold-blooded, AC +6
a: Breathe Steam


You were on level 7 of the Dungeon.
You were not hungry.

You visited 2 branches of the dungeon, and saw 8 of its levels.

You collected 323 gold pieces.

Inventory:

Hand Weapons
 a - a +0 trident
 i - a +0 whip
 s - a cursed +0 hunting sling (weapon)
 G - a +0 hunting sling
Missiles
 d - 47 poisoned darts
 v - 42 stones
 M - 42 sling bullets (quivered)
Armour
 e - a +1 cloak of poison resistance (worn)
Jewellery
 f - a cursed -2 ring of slaying {unknown}
 n - an uncursed ring of wizardry {unknown}
 q - a +4 amulet of reflection (around neck)
 r - an uncursed ring of protection from fire {unknown}
 t - an uncursed ring of stealth {unknown}
 x - a cursed -2 ring of strength {unknown}
 C - an uncursed amulet of guardian spirit {unknown}
 E - a ring of poison resistance (left hand)
 I - a cursed -2 ring of dexterity {unknown}
Wands
 j - a wand of flame (6)
 l - a wand of enslavement (7)
 K - a wand of clouds (2)
 N - a wand of disintegration (19)
Scrolls
 o - 4 scrolls of teleportation
 w - a scroll of enchant weapon
 y - a scroll of fog
 D - a scroll of magic mapping
Potions
 c - a potion of degeneration
 g - a potion of magic
 h - a potion of flight
 k - a potion of heal wounds {unknown}
 m - a potion of might {unknown}
 p - 3 potions of curing
 u - 3 potions of brilliance
 z - a potion of mutation {unknown}
 A - a potion of berserk rage
 F - a potion of lignification {unknown}
Comestibles
 b - 9 rations
 B - 2 chunks of flesh


   Skills:
 + Level 4.2 Fighting
 + Level 2.8 Polearms
 + Level 4.0 Dodging
 - Level 1.7 Stealth
 + Level 4.1 Spellcasting
 + Level 5.7 Summonings
 + Level 3.4 Air Magic


You had 4 spell levels left.
You knew the following spells:

 Your Spells              Type           Power        Failure   Level  Hunger
a - Summon Small Mammal   Summ           ###.         1%          1    None
b - Call Canine Familiar  Summ           ###.....     4%          3    ###....
c - Summon Lightning Spi  Summ/Air       ###.....     26%         4    ####...
d - Summon Guardian Gole  Hex/Summ       ##......     17%         3    ###....

Your spell library contained the following spells:

 Spells                   Type           Power        Failure   Level  Hunger
 Call Imp                 Summ           ###.....     2%          2    ##.....
 Animate Skeleton         Necr           N/A          19%         1    None
 Apportation              Tloc           #.....       19%         1    None
 Confusing Touch          Hex            #.....       19%         1    None
 Summon Ice Beast         Ice/Summ       ##......     50%         4    ####...


Dungeon Overview and Level Annotations

Branches:
Dungeon (7/15)             Temple (1/1) D:6

Altars:
Cheibriados
Dithmenos
Fedhas
Gozag
Kikubaaqudgha
Makhleb
Qazlal
Ru
Uskayaw
Vehumet
Wu Jian
Xom
Yredelemnul
Zin
The Shining One

Shops:
D:5 =

Annotations:
D:7 Joseph


Innate Abilities, Weirdness & Mutations

You can breathe blasts of scalding, opaque steam.
Your pale cyan-grey scales are hard. (AC +6)
You cannot fit into any form of body armour.
You are cold-blooded and may be slowed by cold attacks.


Message History

Your hound dies!
Your hound's corpse disappears in a puff of smoke!
You are too berserk!
You are too injured to fight recklessly!
You are too berserk!
You feel your anger nearly subside.
You are no longer berserk.
You are exhausted.
You feel yourself slow down.
A sling bullet appears from out of thin air!
The sling bullet hits you!
* * * LOW HITPOINT WARNING * * *
You see here a sling bullet.
Okay, then.
Press: ? - help, Shift-Dir - straight line You exhale a blast of scalding steam.
You feel somewhat more hungry.
Casting: Call Canine Familiar (safe; 4% risk of failure)
Confirm with . or Enter, or press ? or * to list all spells.
You have got your breath back.
Something hits you!
You die...

....###.####.##..#..#
.. ###.## #.##.#####
#.<..# ##..##
#.....###.###.##
##...# #.....# ####
##.# ##....###..#
##.######.......###
..........h#....#
###.ยงยง@....###
#.#####.## #(# #.#
#.## ### #. (. {.#
... {##.


You could see a friendly hound.

Vanquished Creatures
  An orc warrior (D:6)
  An ogre (D:4)
  A bullfrog (D:6)
  A scorpion (D:6)
  A water moccasin skeleton (D:5)
  A bullfrog zombie (D:6)
  3 hounds
  An iguana (D:4)
  A worker ant (D:4)
  A hound zombie (D:5)
  2 adders
  An adder skeleton (D:4)
  A worm (D:4)
  11 dart slugs
  5 leopard geckos
  5 orcs
  3 bats
  7 giant cockroaches
  7 goblins
  7 hobgoblins
  7 kobolds
  A quokka (D:5)
  A ball python (D:4)
  2 frilled lizards
  A leopard gecko skeleton (D:4)
  5 rats
78 creatures vanquished.

Vanquished Creatures (collateral kills)
  Menkaure (D:5)
  An orc warrior (D:5)
  A centaur (D:5)
  A wyvern skeleton (D:6)
  A scorpion (D:4)
  A crimson imp (D:5)
  2 orc priests (D:6)
  5 orc wizards
  A bullfrog skeleton (D:6)
  A worker ant (D:5)
  5 adders
  An adder zombie (D:5)
  An adder skeleton (D:5)
  2 worms
  A dart slug (D:2)
  13 orcs
  A giant cockroach (D:1)
  2 goblins
  A hobgoblin (D:2)
  2 ball pythons
  4 bats
  2 frilled lizards
  A kobold (D:2)
51 creatures vanquished.

Grand Total: 129 creatures vanquished

Notes
Turn   | Place    | Note
-------+----------+-------------------------------------------
     0 | D:1      | Krouwed the Draconian Summoner began the quest for the Orb.
     0 | D:1      | Reached XP level 1. HP: 14/14 MP: 3/3
   153 | D:1      | Reached XP level 2. HP: 5/22 MP: 1/5
   584 | D:1      | Reached skill level 1 in Fighting
   985 | D:2      | Reached XP level 3. HP: 26/28 MP: 3/6
   990 | D:2      | Learned a level 3 spell: Call Canine Familiar
  1676 | D:3      | Reached XP level 4. HP: 36/36 MP: 3/7
  2018 | D:3      | Found a blossoming altar of Fedhas.
  2107 | D:3      | Found a faded altar of an unknown god.
  2253 | D:3      | Learned a level 4 spell: Summon Lightning Spire
  2594 | D:4      | Reached XP level 5. HP: 32/41 MP: 9/9
  3044 | D:4      | Noticed an ogre
  3279 | D:4      | Killed an ogre
  3279 | D:4      | Reached skill level 1 in Air Magic
  3279 | D:4      | Reached XP level 6. HP: 50/50 MP: 6/10
  3329 | D:4      | Learned a level 3 spell: Summon Guardian Golem
  3480 | D:4      | Reached skill level 1 in Polearms
  3504 | D:4      | Reached skill level 5 in Summonings
  3852 | D:5      | Entered Level 5 of the Dungeon
  3870 | D:5      | Found an ancient bone altar of Kikubaaqudgha.
  4167 | D:5      | Found Eqobog's Jewellery Emporium.
  4200 | D:5      | Noticed Menkaure
  4210 | D:5      | Killed Menkaure
  4210 | D:5      | Your scales start taking on a pale cyan-grey colour.
  4210 | D:5      | Reached XP level 7. HP: 21/57 MP: 3/12
  4635 | D:5      | HP: 2/57 [orc warrior/+0 short sword (9)]
  5742 | D:6      | Found a stormy altar of Qazlal.
  5965 | D:6      | Found a staircase to the Ecumenical Temple.
  6135 | Temple   | Entered the Ecumenical Temple
  6634 | D:6      | Reached XP level 8. HP: 26/66 MP: 11/14
  7154 | D:7      | Noticed Joseph
  7177 | D:7      | HP: 1/66 [something (8)]
  7179 | D:7      | Mangled by Joseph

Levels and vault maps discovered:
D:1:      minmay_arrival_jagged, layout_basic
D:2:      layout_loops_cross, first_ration
D:3:      kennysheep_slugbush, layout_rooms, fedhas_altar_fruit_tree,
          chequers_ecumenical_altar_lobes
D:4:      layout_loops_ring
D:5:      layout_rooms, lemuel_round_altar, serial_shops, shop, uniq_menkaure
D:6:      layout_cave_pools, minmay_temple_entry_statues_fountains, basic_altar,
          minmay_misc_feat_columns, kennysheep_generic_room_5
D:7:      layout_layer_cave, nemelex_xobeh_ov_fountains_minmay, uniq_duvessa,
          uniq_joseph
Temple:   minmay_temple_forest_path

Skill      XL: |  1  2  3  4  5  6  7 |
---------------+----------------------+-----
Dodging        | 2 3 4 |  4.0
Fighting       | 1 2 3 4 |  4.2
Spellcasting   | 3 4 |  4.1
Air Magic      | 1 2 3 |  3.4
Polearms       | 1 2 |  2.8
Summonings     | 5 |  5.7
Stealth        | |  1.7

Action                   |  1- 3 |  4- 6 |  7- 9 || total
-------------------------+-------+-------+-------++-------
Melee: Unarmed           |    38 |       |       ||    38
       Tailslap          |    16 |     2 |     4 ||    22
       Whip              |   108 |    13 |       ||   121
       Hunting sling     |       |     8 |    12 ||    20
 Fire: Hunting sling     |       |   250 |   115 ||   365
 Cast: Summon Small Mamm |    15 |     1 |       ||    16
       Call Canine Famil |     4 |    20 |    20 ||    44
       Summon Guardian G |       |     3 |     9 ||    12
       Summon Lightning  |       |       |     2 ||     2
 Abil: Breathe Steam     |       |       |     3 ||     3
Evoke: Wand              |       |     2 |       ||     2
  Use: Scroll            |     3 |     7 |     5 ||    15
       Potion            |       |       |     4 ||     4
 Stab: Sleeping          |     4 |     1 |       ||     5
       Distracted        |       |     1 |       ||     1
  Eat: Chunk             |     3 |     7 |     6 ||    16
       Ration            |       |     1 |     2 ||     3
Armor: Skin              |    63 |    37 |    34 ||   134
Dodge: Dodged            |   153 |   116 |    54 ||   323
Block: Other             |     2 |    23 |    21 ||    46
       Reflection        |       |     1 |     2 ||     3

Table legend:
 A = Non-vault XP
 B = Vault XP
 C = Vault XP percentage of total XP
 D = Non-vault monster count
 E = Vault monster count
 F = Vault count percentage of total count
                 A         B        C        D         E       F
            +---------+---------+-------+---------+---------+-------
      Total |    1302 |     198 |  13.2 |     118 |      11 |   8.5
            +---------+---------+-------+---------+---------+-------
        D:1 |      36 |       0 |   0.0 |      20 |       0 |   0.0
        D:2 |      43 |       0 |   0.0 |      24 |       0 |   0.0
        D:3 |      56 |      32 |  36.4 |      16 |       8 |  33.3
        D:4 |     346 |       0 |   0.0 |      23 |       0 |   0.0
        D:5 |     347 |     131 |  27.4 |      17 |       1 |   5.6
        D:6 |     471 |      35 |   6.9 |      17 |       2 |  10.5
        D:7 |       3 |       0 |   0.0 |       1 |       0 |   0.0
            +---------+---------+-------+---------+---------+-------
